 Dungeon Crawl Stone Soup version 0.28.0-53-g5a82cb258f (webtiles) character file.

Game seed: 12299520573971132870

7931 Zeld the Thaumaturge (level 11, -4/54 HPs)
             Began as a Deep Elf Fire Elementalist on May 22, 2022.
             Was a Believer of Vehumet.
             Slain by a four-headed hydra (9 damage)
             ... on level 9 of the Dungeon.
             The game lasted 00:12:55 (12525 turns).

Zeld the Thaumaturge (Deep Elf Fire Elementalist)  Turns: 12525, Time: 00:12:56

Health: -4/54      AC: 10    Str:  5    XL:     11   Next: 3%
Magic:  39/39      EV: 11    Int: 25    God:    Vehumet [**....]
Gold:   78         SH:  5    Dex: 15    Spells: 26/37 levels left

rFire   . . .      SeeInvis +   (no weapon)
rCold   . . .      Faith    .   (no shield)
rNeg    . . .      Spirit   .   q - +2 leather armour {rPois}
rPois   +          Reflect  +   s - +2 helmet {SInv}
rElec   .          Harm     .   (no cloak)
rCorr   .          Rampage  .   D - +0 pair of gloves
Will    +....                   h - +0 pair of boots
Stlth   ++........              F - amulet of reflection
HPRegen 0.18/turn               p - ring of magical power
MPRegen 0.26/turn               (no ring)

@: no status effects
A: no striking features
a: Renounce Religion


You were on level 9 of the Dungeon.
You worshipped Vehumet.
Vehumet was pleased with you.
You visited 2 branches of the dungeon, and saw 11 of its levels.
You also visited: Bailey.

You collected 329 gold pieces.
You spent 251 gold pieces at shops.

Inventory:

Armour
 h - a +0 pair of boots (worn)
 q - a +2 leather armour of poison resistance (worn)
 s - a +2 helmet of see invisible (worn)
 D - a +0 pair of gloves (worn)
Jewellery
 p - a ring of magical power (left hand)
 F - an amulet of reflection (around neck)
Wands
 n - a wand of flame (40)
 o - a wand of charming (7)
 v - a wand of mindburst (36)
 x - a wand of paralysis (4)
 A - a wand of polymorph (5)
Scrolls
 b - 3 scrolls of identify
 e - 3 scrolls of amnesia
 j - 4 scrolls of fear
 t - a scroll of brand weapon
 y - a scroll of teleportation
 B - a scroll of blinking
 C - a scroll of enchant weapon
Potions
 c - 3 potions of heal wounds {unknown}
 f - 2 potions of might
 g - a potion of flight {unknown}
 i - a potion of degeneration {unknown}
 k - 3 potions of mutation {unknown}
 l - 2 potions of attraction {unknown}
 r - 4 potions of curing {unknown}
 u - a potion of lignification {unknown}
 w - a potion of cancellation {unknown}
 z - a potion of resistance {unknown}
 E - a potion of haste {unknown}


   Skills:
 - Level 2.4 Dodging
 - Level 2.4 Stealth
 * Level 13.9 Spellcasting
 + Level 8.2 Conjurations
 - Level 2.0 Hexes
 * Level 12.0 Fire Magic
 - Level 2.0 Air Magic
 - Level 2.0 Poison Magic


You had 26 spell levels left.
You knew the following spells:

 Your Spells              Type           Power      Damage    Failure   Level
a - Foxfire               Conj/Fire      100%       2x1d9     1%          1
b - Scorch                Fire           100%       2d10      1%          2
c - Inner Flame           Hex/Fire       51%        N/A       1%          3
d - Poisonous Vapours     Pois/Air       54%        N/A       3%          2
e - Mephitic Cloud        Conj/Pois/Air  37%        N/A       3%          3

Your spell library contained the following spells:

 Spells                   Type           Power      Damage    Failure   Level
 Magic Dart               Conj           100%       1d8       1%          1
 Searing Ray              Conj           100%       2d8       1%          2
 Conjure Flame            Conj/Fire      61%        6-21      1%          3
 Dazzling Flash           Conj/Hex       84%        N/A       1%          3
 Flame Wave               Conj/Fire      61%        2d12      1%          4
 Animate Skeleton         Necr           34%        N/A       5%          1
 Apportation              Tloc           34%        N/A       5%          1
 Summon Small Mammal      Summ           68%        N/A       5%          1
 Fulminant Prism          Conj/Hex       21%        3d13      7%          4
 Call Imp                 Summ           17%        N/A       9%          2
 Sublimation of Blood     Necr           17%        N/A       9%          2
 Wereblood                Tmut           17%        N/A       9%          2
 Silence                  Hex/Air        13%        N/A       56%         5
 Agony                    Necr           17%        N/A       83%         5
 Summon Hydra             Summ           8%         N/A       100%        7


Dungeon Overview and Level Annotations

Branches:
Dungeon (10/15)            Temple (1/1) D:5            Lair (0/6) D:10
 Bailey (visited)
    Orc: D:9-12

Altars:
Ashenzari
Cheibriados
Dithmenos
Elyvilon
Fedhas
Gozag
Hepliaklqana
Kikubaaqudgha
Makhleb
Nemelex Xobeh
Okawaru
Qazlal
Sif Muna
Trog
Uskayaw
Vehumet
Wu Jian
Xom
Yredelemnul
Zin
The Shining One

Shops:
D:6 [

Annotations:
D:4 Dowan, Duvessa


Message History

Vehumet accepts your kill.
You feel your power returning.
Unknown command.
Casting: Scorch (safe; 1% risk of failure)
Confirm with . or Enter, or press ? or * to list all spells.
You can't see any susceptible monsters within range! (Use Z to cast anyway.) Unknown command.
There is an open door here.
You see here a +0 robe.
Magic restored.
Key pressed, stopping travel.
You start resting.
HP restored.
You can't go down here!
You see here a +0 robe.
There is an open door here.
There is a stone staircase leading down here.
You climb downwards.
The four-headed hydra bites you!
The four-headed hydra bites you but does no damage. x2
The four-headed hydra bites you.
The four-headed hydra bites you but does no damage.
The four-headed hydra completely misses you.
You block the four-headed hydra's attack.
The four-headed hydra bites you but does no damage.
There is a stone staircase leading up, spattered with blood here.
Found a stone staircase leading up.
The yak bellows!
There is a stone staircase leading up here.
The four-headed hydra bites you! x3
The four-headed hydra bites you but does no damage.
You climb upwards.
There is a stone staircase leading down here.
Unknown command.
Unknown command.
The four-headed hydra bites you!
* * * LOW HITPOINT WARNING * * *
The four-headed hydra bites you!
* * * LOW HITPOINT WARNING * * *
The four-headed hydra bites you!
You die...

##.##.#### # ####.# #.#
#.# #.# ##### #.# #...#
#.# #.D># #.######
####..@#### ##.#.....
#.....(...#####....####
#...........##........#
#.....[...#.##.....##(#
####)..####.##.#.#.##.#
#........#.##.#.#.##.#
#.#...##.#........##.#
#>##.###.####.#+####.#
#....# #.# #........#


You could see a four-headed hydra.

Vanquished Creatures
  3 two-headed ogres (D:9)
  4 centaur zombies
  3 trolls (D:9)
  Grinder (D:5)
  Prince Ribbit (D:6)
  2 shadows (D:9)
  6 yaks (D:9)
  A wyvern (D:9)
  A black bear (D:9)
  3 orc warriors
  A sky beast (D:6)
  2 ogres (D:5)
  A necrophage (D:6)
  A hornet zombie (D:9)
  2 centaurs
  A phantom (D:4)
  3 kobold brigands
  A gnoll sergeant (D:9)
  5 bullfrogs
  A scorpion (D:4)
  A water moccasin skeleton (D:3)
  4 killer bees (D:8)
  8 wights (D:8)
  A howler monkey (D:10)
  An electric eel (Bailey)
  5 hounds
  2 jellies
  5 orc priests
  2 iguanas (D:5)
  Ijyb (D:4)
  An orc wizard (D:9)
  Natasha (thrice) (D:2)
  A howler monkey skeleton (D:6)
  A howler monkey zombie (D:9)
  5 gnolls
  8 adders
  A shadow imp (D:6)
  2 white imps
  3 ufetubi
  An adder skeleton (D:4)
  2 worms (D:2)
  A dart slug (D:2)
  11 orcs
  4 ball pythons
  6 bats
  3 endoplasms
  A giant cockroach (D:4)
  12 goblins
  6 hobgoblins
  A jackal (D:1)
  13 kobolds
  4 quokkas
  5 frilled lizards
  7 rats
175 creatures vanquished.

Vanquished Creatures (others)
  94 foxfires
94 creatures vanquished.

Grand Total: 269 creatures vanquished

Notes
Turn   | Place    | Note
-------+----------+-------------------------------------------
     0 | D:1      | Zeld the Deep Elf Fire Elementalist began the quest for the
                  | Orb.
     0 | D:1      | Reached XP level 1. HP: 10/10 MP: 6/6
   320 | D:1      | Reached XP level 2. HP: 15/15 MP: 5/8
   351 | D:1      | Learned a level 2 spell: Scorch
  1431 | D:2      | Reached XP level 3. HP: 19/19 MP: 2/10
  1435 | D:2      | Learned a level 3 spell: Inner Flame
  1444 | D:2      | Noticed Natasha
  1566 | D:2      | Killed Natasha
  1567 | D:2      | Reached skill level 4 in Spellcasting
  1650 | D:2      | Found a bloodstained altar of Trog.
  1660 | D:2      | Reached skill level 1 in Hexes
  1732 | D:2      | Reached XP level 4. HP: 24/24 MP: 7/12
  2025 | D:2      | Found a faded altar of an unknown god.
  2211 | D:2      | Noticed Natasha
  2216 | D:2      | Killed Natasha
  2361 | D:2      | Noticed Natasha
  2364 | D:2      | Killed Natasha
  2365 | D:2      | Reached XP level 5. HP: 28/28 MP: 7/14
  2587 | D:3      | You fall into a shaft and drop 1 floor!
  2623 | D:4      | Reached skill level 5 in Spellcasting
  2775 | D:3      | Found a sparkling altar of Nemelex Xobeh.
  2794 | D:3      | Reached skill level 5 in Fire Magic
  3683 | D:4      | Found a burning altar of Makhleb.
  3689 | D:4      | Noticed Dowan
  3690 | D:4      | Noticed Duvessa
  3727 | D:4      | Noticed Ijyb
  3733 | D:4      | Killed Ijyb
  3734 | D:4      | Reached XP level 6. HP: 20/32 MP: 7/16
  4334 | D:5      | Entered Level 5 of the Dungeon
  4343 | D:4      | Reached skill level 6 in Spellcasting
  4440 | D:5      | Reached XP level 7. HP: 20/36 MP: 10/19
  4453 | D:5      | Reached skill level 7 in Spellcasting
  4628 | D:5      | Found a staircase to the Ecumenical Temple.
  4637 | D:5      | Noticed Grinder
  4638 | D:5      | Paralysed by Grinder for 4 turns
  4644 | D:5      | Paralysed by Grinder for 2 turns
  4649 | Temple   | Entered the Ecumenical Temple
  4729 | Temple   | Became a worshipper of Vehumet
  4901 | D:5      | Killed Grinder
  5049 | D:5      | Reached skill level 8 in Spellcasting
  5242 | D:5      | Reached XP level 8. HP: 18/41 MP: 16/22
  5628 | D:6      | Found Zokh's Antique Armour Shop.
  5636 | D:6      | Reached skill level 9 in Spellcasting
  5662 | D:6      | Bought a shiny helmet for 157 gold pieces
  5808 | D:6      | Reached skill level 5 in Conjurations
  6016 | D:6      | Found a hide-covered altar of Uskayaw.
  6052 | D:6      | Noticed Prince Ribbit
  6062 | D:6      | Killed Prince Ribbit
  6063 | D:6      | Reached skill level 10 in Spellcasting
  6068 | D:6      | Reached XP level 9. HP: 30/45 MP: 1/25
  7201 | D:6      | Learned a level 3 spell: Mephitic Cloud
  7643 | D:7      | Reached * piety under Vehumet
  7643 | D:7      | Offered knowledge of Sandblast by Vehumet.
  7784 | D:8      | Reached skill level 1 in Poison Magic
  7825 | D:7      | Reached skill level 1 in Air Magic
  8549 | D:8      | Reached skill level 11 in Spellcasting
  8734 | D:6      | Bought a pair of gloves for 94 gold pieces
  9722 | D:9      | Noticed a troll
  9740 | D:9      | Killed a troll
 10015 | D:9      | Found a flagged portal.
 10066 | Bailey   | Entered a bailey
 10086 | Bailey   | Reached skill level 10 in Fire Magic
 10358 | Bailey   | Noticed an orc knight
 10479 | D:9      | Found an iron altar of Okawaru.
 10496 | D:9      | Reached XP level 10. HP: 38/50 MP: 14/27
 10585 | D:9      | Found an opulent altar of Gozag.
 10585 | D:9      | Found an ancient bone altar of Kikubaaqudgha.
 10585 | D:9      | Found a shimmering altar of Xom.
 10592 | D:9      | Found a hazy altar of Hepliaklqana.
 10597 | D:9      | Found a shadowy altar of Dithmenos.
 10668 | D:9      | Noticed a two-headed ogre
 10680 | D:9      | Killed a two-headed ogre
 10681 | D:9      | Reached skill level 12 in Spellcasting
 10852 | D:9      | Noticed a two-headed ogre
 10877 | D:9      | Killed a two-headed ogre
 11011 | D:9      | Reached skill level 13 in Spellcasting
 11270 | D:9      | Noticed a two-headed ogre
 11399 | D:9      | Killed a two-headed ogre
 11591 | D:9      | Reached ** piety under Vehumet
 11591 | D:9      | Offered knowledge of Poisonous Vapours by Vehumet.
 11712 | D:10     | Entered Level 10 of the Dungeon
 11721 | D:10     | Learned a level 2 spell: Poisonous Vapours
 11939 | D:10     | Reached XP level 11. HP: 39/54 MP: 30/30
 12021 | D:10     | Found a staircase to the Lair.
 12037 | D:10     | Noticed a four-headed hydra
 12525 | D:9      | Slain by a four-headed hydra

Illustrated notes

Levels and vault maps discovered:
D:1:      nzn_arrival_crosshair, layout_basic, st_stairs_13
D:2:      layout_basic, basic_altar, basic_ecumenical_altar, uniq_natasha
D:3:      layout_loops_ring, mainiacjoe_overflow_alcove_2
D:4:      layout_cave_pools, bloody_makhleb, uniq_ijyb, uniq_duvessa
D:5:      layout_loops_ring, minmay_temple_entry_mini_moons, uniq_grinder
D:6:      layout_basic, kennysheep_little_box, serial_shops, shop,
          minmay_misc_feat_enclosed, feat_on_display, uniq_prince_ribbit1
D:7:      layout_rooms, kennysheep_pointless_box
D:8:      layout_loops_corners, hangedman_decor_peaks_small
D:9:      minmay_razor_zed, layout_loops_corners, minmay_overflow_temple_hex,
          enter_bailey_2
D:10:     layout_roguey, mainiacjoe_overflow_tiny_flanked, david_lair_generic,
          dk_noncrumbling_3
Temple:   minmay_temple_bridge_abc

Skill      XL: |  1  2  3  4  5  6  7  8  9 10 |
---------------+-------------------------------+-----
Spellcasting   | 4 5 6 8 10 11 13 | 13.9
Fire Magic     | 4 5 6 7 8 10 12 | 12.0
Conjurations   | 2 3 4 5 6 8 |  8.2
Hexes          | 1 2 |  2.0
Poison Magic   | 2 |  2.0
Air Magic      | 2 |  2.0
Dodging        | |  2.4
Stealth        | |  2.4

Action                   |  1- 3 |  4- 6 |  7- 9 | 10-12 || total
-------------------------+-------+-------+-------+-------++-------
Melee: Unarmed           |     1 |     6 |     7 |       ||    14
 Cast: Foxfire           |    59 |       |     1 |       ||    60
       Scorch            |    16 |    73 |   174 |    70 ||   333
       Mephitic Cloud    |       |       |     9 |    12 ||    21
       Poisonous Vapours |       |       |       |     1 ||     1
  Use: Scroll            |       |       |       |     8 ||     8
 Stab: Distracted        |       |       |     1 |       ||     1
Armor: Robe              |     2 |    12 |    29 |       ||    43
       Leather armour    |       |       |       |    22 ||    22
Dodge: Dodged            |     3 |    28 |    65 |    37 ||   133
Block: Other             |       |       |       |     4 ||     4
